 Dungeon Sprint DCSS version 0.27-a0-1193-g8631133539 (webtiles) character file.

Game seed: 4016602830480487289

4 rocky1 the Skirmisher (level 1, -3/18 HPs)
             Began as a Demonspawn Fighter on May 26, 2021.
             Slain by a human (4 damage)
             ... in the Dungeon (Sprint III: "The Ten Rune Challenge").
             The game lasted 00:00:38 (57 turns).

rocky1 the Skirmisher (Demonspawn Fighter)            Turns: 57, Time: 00:00:38

Health: -3/18      AC:  6    Str: 16    XL:     1   Next: 50%
Magic:  1/1        EV:  7    Int:  9    God:
Gold:   0          SH:  8    Dex: 12    Spells: 0/0 levels left

rFire    . . .     SeeInvis .   a - +0 long sword
rCold    . . .     Faith    .   c - +0 kite shield
rNeg     . . .     Spirit   .   b - +0 scale mail
rPois    .         Reflect  .   (no helmet)
rElec    .         Harm     .   (no cloak)
rCorr    .         Rampage  .   (no gloves)
Will     .....     NoTele   +   (no boots)
Stlth    ..........             (no amulet)
HPRegen  0.06/turn              (no ring)
MPRegen  0.07/turn              (no ring)

@: hasted, very quick
A: no striking features
a: no special abilities


You were in the Dungeon.
You visited 1 branch

Inventory:

Hand Weapons
 a - a +0 long sword (weapon)
Armour
 b - a +0 scale mail (worn)
 c - a +0 kite shield (worn)
Scrolls
 j - a scroll of blinking
 k - a scroll of identify {unknown}
 l - a scroll of enchant weapon {unknown}
Potions
 d - a potion of might
 e - a potion of curing
 f - a potion of heal wounds
 h - 2 potions of magic
 i - a potion of berserk rage


   Skills:
 + Level 3.4 Fighting
 + Level 2.0 Long Blades
 + Level 3.1 Armour
 + Level 0.1 Dodging
 + Level 3.1 Shields


You couldn't memorise any spells.
You didn't know any spells.
Your spell library was empty.

Dungeon Overview and Level Annotations

Branches:
Dungeon (1/1)

Altars:


Message History

You barely miss the human. The human hits you but does no damage.
You hit the human.
The human is lightly wounded.
The human hits you.
You miss the human.
The human is lightly wounded.
The human closely misses you.
You closely miss the human.
The human is lightly wounded.
You block the human's attack.
You hit the human but do no damage.
The human is lightly wounded.
You block the human's attack.
You hit the human.
The human is moderately wounded.
The human hits you.
You miss the human.
The human is moderately wounded.
The human hits you but does no damage.
You hit the human.
The human is moderately wounded.
The human barely misses you.
You hit the human.
The human is heavily wounded.
The human hits you but does no damage.
You slash the human!
The human is severely wounded.
The human hits you.
You closely miss the human.
The human is severely wounded.
The human hits you.
* * * LOW HITPOINT WARNING * * *
You barely miss the human.
The human is severely wounded.
The human hits you.
* * * LOW HITPOINT WARNING * * *
You hit the human.
The human is severely wounded.
The human hits you.
You die...

▓.....#
▓.....#...≈≈.♣
▓.....#..≈≈≈≈♣♣♣
▓####'#..≈≈≈≈≈≈♣.
▓....†#.≈≈≈≈≈≈...
▓.....#.≈≈≈≈≈....
▓.....#.≈≈≈......
▓'#####..........
▓...@p...........
▓▓▓▓▓▓▓▓▓▓▓▓▓▓▓▓▓


You could see a human.

Vanquished Creatures
  2 endoplasms (D)
  2 rats (D)
4 creatures vanquished.

Vanquished Creatures (others)
  3 plants (D)
3 creatures vanquished.

Grand Total: 7 creatures vanquished

Notes
Turn   | Place    | Note
-------+----------+-------------------------------------------
     0 | D        | rocky1 the Demonspawn Fighter began the quest for the Orb.
     0 | D        | Reached XP level 1. HP: 18/18 MP: 1/1
    57 | D        | Slain by a human

Illustrated notes

Levels and vault maps discovered:
D:        dungeon_sprint_mu [sprint_mu_entry_forest, sprint_mu_temple_rooms,
          sprint_mu_d1_spiders, sprint_mu_d2_genie, sprint_mu_d3_branching,
          sprint_mu_orc_legion, sprint_mu_elf_gauntlet, sprint_mu_hive_nellie,
          sprint_mu_lair_fedhas, sprint_mu_vaults_butterflies,
          sprint_mu_slime_circle, sprint_mu_swamp_cave, sprint_mu_shoals_archi,
          sprint_mu_blade_basic, sprint_mu_crypt_lich, sprint_mu_tomb_spiral,
          sprint_mu_vestibule_basic, sprint_mu_gehenna_hellfire,
          sprint_mu_dis_giant, sprint_mu_tartarus_statrot,
          sprint_mu_cocytus_islands, sprint_mu_zot1]

Skill      XL: |  1 |
---------------+----+-----
Armour         | 3 |  3.1
Shields        | 3 |  3.1
Long Blades    | 2 |  2.0
Fighting       | |  3.4
Dodging        | |  0.1

Action                   || total
-------------------------++-------
Melee: Long sword        ||    18
  Use: Potion            ||     1
Armor: Scale mail        ||     8
Dodge: Dodged            ||     2
Block: Kite shield       ||     3

Table legend: (Time is in decaauts)
 A = Elapsed time spent in this place.
 B = Non-inter-level travel time spent in this place.
 C = Inter-level travel time spent in this place.
 D = Time resting spent in this place.
 E = Time spent auto-exploring this place.
 F = Levels seen in this place.
 G = Mean time per level.
                   A        B        C        D        E       F      G
               +--------+--------+--------+--------+--------+-----+--------+
         Total |     58 |     58 |      0 |      0 |      0 |   1 |   58.0 |
       Dungeon |     58 |     58 |      0 |      0 |      0 |   1 |   58.0 |
               +--------+--------+--------+--------+--------+-----+--------+

Top non-repeatable levels by time:
       D: 58 daAuts
